 Dungeon Crawl Stone Soup version 0.22-a0-117-g314b907 (webtiles) character file.

5704 galech the Grappler (level 10, -1/102 HPs)
             Began as a Troll Monk on Jan 29, 2018.
             Was a High Priest of Okawaru.
             Slain by a red ugly thing (17 damage)
             ... on level 10 of the Dungeon.
             The game lasted 00:15:59 (6800 turns).

galech the Grappler (Troll Monk)                    Turns: 6800, Time: 00:16:00

Health: -1/102     AC:  9    Str: 24    XL:     10   Next: 48%
Magic:  9/9        EV: 16    Int:  6    God:    Okawaru [*****.]
Gold:   475        SH:  0    Dex: 12    Spells: 9/9 levels left

rFire    . . .     SeeInvis +     - Unarmed
rCold    . . .     Gourm    +   (no shield)
rNeg     + . .     Faith    .   I - +2 robe {rN+}
rPois    .         Spirit   .   (helmet restricted)
rElec    .         Reflect  .   (no cloak)
rCorr    .         Harm     .   (gloves unavailable)
MR       .....                  (boots unavailable)
Stlth    ++........             (no amulet)
HPRegen  0.67/turn              N - ring of see invisible
MPRegen  0.11/turn              w - +4 ring of evasion

@: no status effects
A: large, unfitting armour, claws 3, talons 1, molten scales 1, fast metabolism
3, gourmand, mutation resistance 1, regeneration 1, shaggy fur 1, tough skin 2
a: Heroism, Finesse, Renounce Religion


You were on level 10 of the Dungeon.
You worshipped Okawaru.
Okawaru was extremely pleased with you.
You were completely stuffed.

You visited 1 branch of the dungeon, and saw 10 of its levels.
You also visited: Sewer.

You collected 475 gold pieces.

Inventory:

Armour
 a - a +0 robe
 I - a +2 robe of positive energy (worn)
 K - a +0 large shield
Jewellery
 e - an uncursed ring of magical power
 w - a +4 ring of evasion (right claw)
 A - an uncursed ring of protection from magic
 H - an uncursed ring of wizardry
 L - an uncursed ring of positive energy
 N - a ring of see invisible (left claw)
Wands
 i - a wand of random effects (26)
 r - a wand of acid (15)
 s - a wand of flame (22)
 t - a wand of polymorph (14)
 D - a wand of paralysis (22)
Scrolls
 c - a scroll of noise {unknown}
 d - a scroll of magic mapping {unknown}
 f - 5 scrolls of teleportation
 j - a scroll of enchant weapon {unknown}
 m - 3 scrolls of fog {unknown}
 n - a scroll of remove curse
 q - 2 scrolls of immolation {unknown}
 y - 2 scrolls of blinking
 B - 2 scrolls of amnesia
 C - a scroll of identify
 E - 3 scrolls of enchant armour {unknown}
Potions
 g - a potion of degeneration
 h - a potion of mutation
 k - 9 potions of heal wounds {unknown}
 l - a potion of brilliance
 o - a potion of invisibility
 p - 3 potions of magic {unknown}
 u - 5 potions of flight
 v - 4 potions of curing
 x - 2 potions of might
 z - 2 potions of haste
 F - a potion of cancellation {unknown}
 G - 2 potions of ambrosia {unknown}
Books
 J - a book of Air

   Spells                             Type                      Level
   a - Shock                          Conjuration/Air              1
   b - Swiftness                      Charms/Air                   2
   c - Static Discharge               Conjuration/Air              3
   d - Airstrike                      Air                          4
   e - Lightning Bolt                 Conjuration/Air              5
 O - a book of Minor Magic

   Spells                             Type                      Level
   a - Magic Dart                     Conjuration                  1
   b - Blink                          Translocation                2
   c - Call Imp                       Summoning                    2
   d - Slow                           Hexes                        2
   e - Conjure Flame                  Conjuration/Fire             3
   f - Mephitic Cloud                 Conjuration/Poison/Air       3
Comestibles
 b - 14 rations
 M - 6 chunks of flesh


   Skills:
 + Level 7.1 Fighting
 - Level 4.6 Dodging
 - Level 2.3 Stealth
 * Level 12.3 Unarmed Combat
 - Level 0.2 Invocations


You had 9 spell levels left.
You didn't know any spells.

Dungeon Overview and Level Annotations

Branches:
Dungeon (10/15)            Temple (0/1) D:4            Lair (0/6) D:10
    Orc (0/2) D:9

Altars:
Gozag
Hepliaklqana
Kikubaaqudgha
Okawaru
Ru
Wu Jian
Xom
Beogh

Shops:
D:5 %


Innate Abilities, Weirdness & Mutations

You are too large for most types of armour.
You have claws for hands.
Your metabolism is lightning-fast.
You like to eat raw meat.
Your natural rate of healing is unusually fast.
You are covered in fur. (AC +1)
You have very tough skin. (AC +2)
You have sharp toenails.
You are partially covered in molten scales. (AC +2)
You are somewhat resistant to further mutation.


Message History

You are too injured to fight recklessly!
You are too injured to fight recklessly!
You are too injured to fight recklessly!
You are too injured to fight recklessly!
You are too injured to fight recklessly!
You are too injured to fight recklessly!
You are too injured to fight recklessly!
You barely miss the red ugly thing. Your kick misses the red ugly thing.
The red ugly thing is severely wounded.
The red ugly thing pecks you!
You are engulfed in flames!
* * * LOW HITPOINT WARNING * * *
You scratch the red ugly thing.
You claw the red ugly thing, but do no damage.
The red ugly thing is severely wounded.
You barely miss the red ugly thing. Your kick misses the red ugly thing.
The red ugly thing is severely wounded.
The red ugly thing pecks you.
* * * LOW HITPOINT WARNING * * *
You are engulfed in flames!
You die...

#..... .....#
#..... .....#
#..... .....#
#....# #....#
#....# #....#
#....# #....#
#...u# #....#
#...@###....#
#...........#
#...........#
#...........#
#...........#
#........>..#
#...........#
#.....#
#...........#
#.....#
#.#...#..>#.#
#..#..#


You could see a red ugly thing.

Vanquished Creatures
  Joseph (D:7)
  Prince Ribbit (D:8)
  Sigmund (D:5)
  5 yaks (D:10)
  A wraith (D:10)
  2 wyverns
  A hungry ghost (D:9)
  Menkaure (D:4)
  The ghost of kuniqs the Caller, an amateur GnSu of Hepliaklqana (D:3)
  A water moccasin (D:9)
  3 orc warriors (D:8)
  2 phantoms
  An ice beast (D:8)
  2 sky beasts
  A centaur (D:9)
  3 big kobolds (Sewer)
  6 bullfrogs
  A water moccasin skeleton (D:7)
  4 killer bees (D:8)
  5 wights (D:8)
  7 howler monkeys
  4 crimson imps
  5 orc priests
  2 jellies
  3 iguanas
  A centaur skeleton (D:4)
  Terence (D:2)
  8 orc wizards
  4 worker ants
  14 gnolls
  2 river rats (Sewer)
  19 adders
  4 oozes (Sewer)
  2 worms
  2 dart slugs
  2 leopard geckos
  47 orcs
  8 ball pythons
  8 giant cockroaches
  10 goblins
  11 hobgoblins
  2 jackals (D:3)
  5 kobolds
  3 quokkas
  8 bats
  2 frilled lizards
  16 rats
243 creatures vanquished.

Notes
Turn   | Place    | Note
-------+----------+-------------------------------------------
     0 | D:1      | galech the Troll Monk began the quest for the Orb.
     0 | D:1      | Reached XP level 1. HP: 22/22 MP: 0/0
   192 | D:1      | Reached XP level 2. HP: 28/29 MP: 1/1
   488 | D:2      | Reached XP level 3. HP: 36/36 MP: 2/2
   517 | D:2      | Reached XP level 4. HP: 35/45 MP: 3/3
   679 | D:2      | Noticed Terence
   692 | D:2      | Reached skill level 4 in Unarmed Combat
   820 | D:2      | Reached XP level 5. HP: 50/53 MP: 4/4
   859 | D:2      | Killed Terence
  1106 | D:3      | Found an iron altar of Okawaru.
  1106 | D:3      | Found an ancient bone altar of Kikubaaqudgha.
  1142 | D:3      | Became a worshipper of Warmaster Okawaru
  1142 | D:3      | Reached * piety under Okawaru
  1142 | D:3      | Reached ** piety under Okawaru
  1497 | D:3      | Reached skill level 5 in Unarmed Combat
  1507 | D:3      | Noticed kuniqs's ghost (amateur GnSu)
  1534 | D:3      | HP: 2/53 [white imp/puff of frost[kuniqs's ghost] (5)]
  1536 | D:3      | Killed kuniqs's ghost
  1536 | D:3      | Reached XP level 6. HP: 3/61 MP: 2/5
  1817 | D:4      | Noticed Menkaure
  1824 | D:4      | Killed Menkaure
  1824 | D:4      | Reached XP level 7. HP: 25/67 MP: 6/6
  1933 | D:4      | Found a hazy altar of Hepliaklqana.
  1957 | D:4      | Found a staircase to the Ecumenical Temple.
  2003 | D:4      | Reached skill level 6 in Unarmed Combat
  2060 | D:4      | Found a glowing drain.
  2171 | Sewer    | Entered a sewer
  2304 | Sewer    | Reached *** piety under Okawaru
  2567 | Sewer    | Gained mutation: You have sharp toenails. [potion of mutation]
  2567 | Sewer    | Gained mutation: You are partially covered in molten scales. (AC +2) [potion of mutation]
  2567 | Sewer    | Gained mutation: You are somewhat resistant to further mutation. [potion of mutation]
  2862 | D:5      | Entered Level 5 of the Dungeon
  3021 | D:5      | Found a sacrificial altar of Ru.
  3071 | D:5      | Noticed Sigmund
  3080 | D:5      | Killed Sigmund
  3080 | D:5      | Reached skill level 7 in Unarmed Combat
  3080 | D:5      | Reached XP level 8. HP: 75/75 MP: 7/7
  3223 | D:5      | Found an opulent altar of Gozag.
  3223 | D:5      | Found an ornate altar of the Wu Jian Council.
  3281 | D:5      | Found a shimmering altar of Xom.
  3525 | D:5      | Found Baqoit's Food Boutique.
  4063 | D:6      | Reached skill level 8 in Unarmed Combat
  4401 | D:7      | Noticed Joseph
  4557 | D:7      | Killed Joseph
  4570 | D:7      | Reached skill level 9 in Unarmed Combat
  4580 | D:7      | Noticed Prince Ribbit
  4698 | D:7      | Reached **** piety under Okawaru
  4910 | D:7      | Reached XP level 9. HP: 74/87 MP: 8/8
  4982 | D:7      | Reached skill level 5 in Fighting
  5190 | D:8      | Reached skill level 10 in Unarmed Combat
  5469 | D:8      | Reached ***** piety under Okawaru
  5669 | D:8      | Found a roughly hewn altar of Beogh.
  5676 | D:8      | Reached skill level 11 in Unarmed Combat
  6253 | D:8      | Killed Prince Ribbit
  6286 | D:9      | Reached XP level 10. HP: 100/100 MP: 9/9
  6310 | D:9      | Found a staircase to the Orcish Mines.
  6692 | D:10     | Entered Level 10 of the Dungeon
  6703 | D:10     | Found a staircase to the Lair.
  6750 | D:10     | Reached skill level 12 in Unarmed Combat
  6793 | D:10     | Noticed a red ugly thing
  6800 | D:10     | Slain by a red ugly thing

Vault maps used:
D:1:      kennysheep_arrival_forest
D:2:      uniq_terence
D:3:      grunt_temple_overflow_open, first_ration
D:4:      lemuel_round_altar, minmay_temple_entry_glassed_door,
          gup_sewer_entry_glass, uniq_menkaure
D:5:      gammafunk_temple_overflow_claw, serial_shops, shop,
          hangedman_ru_absence, uniq_sigmund
D:6:      kennysheep_generic_room_14
D:7:      minmay_holes, uniq_joseph, uniq_prince_ribbit1
D:8:      special_room
D:9:      orc_0_dummy
D:10:     lair_entry_dummy, uniq_sonja
Sewer:    sewer_co_15_rooms

Skill      XL: |  1  2  3  4  5  6  7  8  9 10 |
---------------+-------------------------------+-----
Fighting       | 3 4 6 7 |  7.1
Dodging        | 3 4 |  4.6
Unarmed Combat | 4 5 7 9 11 12 | 12.3
Stealth        | 2 |  2.3
Invocations    | |  0.2

Action                   |  1- 3 |  4- 6 |  7- 9 | 10-12 || total
-------------------------+-------+-------+-------+-------++-------
Melee: Unarmed           |    54 |   194 |   363 |    76 ||   687
       Punch             |     1 |     1 |    11 |     6 ||    19
       Kick              |       |       |    64 |    23 ||    87
Invok: Heroism           |       |     1 |     2 |     1 ||     4
       Finesse           |       |       |       |     1 ||     1
  Use: Scroll            |       |       |    10 |       ||    10
       Potion            |       |       |     5 |       ||     5
 Stab: Sleeping          |     2 |     3 |     8 |     1 ||    14
  Eat: Chunk             |     8 |    14 |    39 |    12 ||    73
Armor: Robe              |    20 |    68 |    71 |    13 ||   172
Dodge: Dodged            |    30 |   145 |   241 |    40 ||   456

Table legend:
 A = Spawn XP
 B = Non-spawn XP
 C = Spawn XP percentage of total XP
 D = Spawn monster count
 E = Non-spawn monster count
 F = Spawn count percentage of total count
 G = Total turns spent on level
                    A         B        C        D         E        F      G
               +---------+---------+-------+---------+---------+-------+---------
         Total |       0 |    8149 |   0.0 |       0 |     243 |   0.0 |  6800
               +---------+---------+-------+---------+---------+-------+---------
           D:1 |       0 |      69 |   0.0 |       0 |      18 |   0.0 |   579
           D:2 |       0 |     189 |   0.0 |       0 |      33 |   0.0 |   522
           D:3 |       0 |     250 |   0.0 |       0 |      28 |   0.0 |   707
           D:4 |       0 |     369 |   0.0 |       0 |      16 |   0.0 |   630
           D:5 |       0 |     324 |   0.0 |       0 |       8 |   0.0 |   768
           D:6 |       0 |     388 |   0.0 |       0 |      15 |   0.0 |   885
           D:7 |       0 |    1039 |   0.0 |       0 |      18 |   0.0 |   608
           D:8 |       0 |    2442 |   0.0 |       0 |      51 |   0.0 |  1114
           D:9 |       0 |    1311 |   0.0 |       0 |      23 |   0.0 |   455
          D:10 |       0 |    1321 |   0.0 |       0 |       9 |   0.0 |   108
         Sewer |       0 |     447 |   0.0 |       0 |      24 |   0.0 |   424
               +---------+---------+-------+---------+---------+-------+---------
